Map: Deathaura LE

Players

ViBE - Winner!

  • Race: Zerg Zerg
  • League: Bronze
  • Spawn Location: 5:00

Fox

  • Race: Zerg Zerg
  • League: Silver
  • Spawn Location: 11:00

VOD

https://www.youtube.com/watch?v=VjhJ7E-kFgw&list=PLFeZeom2b4DnD3FIu7pzkXl51JX_WWz2h&index=2

Description

Time

  • Played on: March 10, 2021, 10:16 p.m.
  • Length: 12:50
Show
View Real Time Build Order
Export as new Build Order

ViBE Zerg - Winner!

Build Orders: Hatch First 

Get SALT Encoding   

  12  0:00  Drone  
  13  0:15  Overlord  
  13  0:19  Drone  
  14  0:34  Drone x2  
  16  0:52  Hatchery  
  16  0:53  Drone  
  16  1:03  Drone  
  17  1:09  Drone  
  18  1:20  Spawning Pool  
  17  1:27  Drone x2  
  19  1:40  Drone  
  20  1:47  Extractor  
  19  2:03  Overlord  
  19  2:09  Queen x2  
  23  2:18  Drone x5  
  28  2:38  Overlord  
  28  2:44  Drone  
  28  2:45  Drone x2  
  28  2:48  Drone  
  32  2:52  Overlord  
  32  3:01  Lair  
  32  3:04  Queen  
  34  3:33  Drone x9  
  43  3:35  Drone x3  
  46  3:42  Roach Warren  
  46  3:49  Roach Warren  
  46  3:51  Evolution Chamber  
  46  3:52  Evolution Chamber  
  43  3:59  Drone  
  43  4:00  Drone x5  
  49  4:05  Extractor  
  49  4:07  Extractor  
  47  4:17  Queen x2  
  43  4:29  Roach x5  
  43  4:30  Roach  
  42  4:38  Roach  
  42  4:41  Roach  
  43  4:45  Roach  
  43  4:54  Queen x2  
  43  4:55  Roach x2  
  47  5:02  Roach  
  47  5:10  Roach  
  47  5:13  Roach x2  
  51  5:17  Overlord  
  51  5:21  Overlord  
  51  5:26  Drone  
  52  5:41  Drone  
  52  5:42  Drone x2  
  55  5:51  Glial Reconstitution  
  55  5:53  Drone x2  
  53  5:57  Drone  
  55  6:04  Drone x3  
  55  6:05  Drone  
  55  6:06  Drone  
  55  6:08  Drone  
  55  6:10  Drone  
  61  6:18  Drone x2  
  63  6:23  Zerg Missile Weapons Level 1  
  63  6:31  Overlord  
  63  6:32  Overlord  
  63  6:39  Drone x4  
  68  6:40  Drone  
  68  6:49  Hatchery  
  67  7:02  Drone  
  68  7:09  Drone  
  68  7:10  Drone x3  
  72  7:18  Overlord x2  
  72  7:21  Drone  
  72  7:22  Drone  
  74  7:23  Drone x3  
  77  7:34  Drone  
  77  7:35  Drone  
  79  7:42  Drone x4  
  81  7:45  Extractor  
  81  7:49  Drone x4  
  84  7:54  Drone x2  
  68  8:12  Roach x7  
  74  8:16  Roach x3  
  77  8:20  Roach x2  
  80  8:29  Roach x2  
  74  8:53  Drone x9  
  83  9:05  Drone x6  
  83  9:08  Queen  
  91  9:11  Extractor  
  91  9:14  Queen  
  92  9:32  Hatchery  
  92  9:38  Drone x11  
  102  9:46  Evolution Chamber  
  102  9:47  Drone x2  
  102  9:52  Extractor  
  102  9:53  Extractor  
  101  10:09  Overlord x5  
  101  10:10  Overlord x2  
  101  10:11  Drone x3  
  104  10:26  Drone x2  
  106  10:30  Drone x2  
  106  10:31  Drone x4  
  112  10:37  Hatchery  
  112  10:42  Drone  
  112  10:43  Drone x5  
  112  10:47  Zerg Ground Armor Level 1  
  112  10:48  Hydralisk Den  
  116  10:53  Drone  
  116  10:54  Drone x4  
  121  10:57  Extractor  
  121  10:58  Extractor  
  121  11:01  Drone x3  
  121  11:02  Drone  
  123  11:09  Overlord x5  
  123  11:23  Hydralisk x9  
  141  11:25  Grooved Spines  
  141  11:27  Extractor  
  141  11:28  Extractor  
  139  11:36  Infestation Pit  
  138  11:46  Hydralisk x12  
  162  12:09  Hydralisk x11  
  162  12:10  Hydralisk x2  
  186  12:21  Spore Crawler  
  176  12:24  Spore Crawler  
  176  12:26  Spore Crawler  
Show
View Real Time Build Order
Export as new Build Order

Fox Zerg 

Build Orders: Pool First 

Get SALT Encoding   

  12  0:05  Drone  
  13  0:13  Overlord  
  13  0:18  Drone  
  14  0:35  Drone  
  14  0:36  Drone  
  16  0:52  Spawning Pool  
  16  0:53  Drone x2  
  17  0:59  Extractor  
  17  1:03  Drone  
  17  1:23  Overlord  
  17  1:28  Hatchery, Drone  
  17  1:35  Drone  
  18  1:41  Queen  
  18  1:44  Drone  
  21  1:59  Zergling x2  
  22  2:04  Zergling x2  
  23  2:16  Extractor, Drone  
  23  2:26  Zergling x2  
  23  2:29  Metabolic Boost  
  24  2:38  Zergling x2  
  25  2:48  Drone  
  26  2:52  Zergling x6  
  26  2:58  Zergling x2  
  30  2:59  Overlord  
  30  3:06  Drone  
  30  3:11  Lair  
  31  3:16  Zergling x2  
  32  3:22  Zergling x4  
  34  3:27  Overlord  
  34  3:36  Drone  
  34  3:40  Zergling x2  
  36  3:58  Zergling x8  
  39  4:17  Baneling Nest  
  39  4:23  Zergling x6  
  39  4:24  Zergling x2  
  40  4:29  Zergling x6  
  40  4:45  Zergling x2  
  40  4:46  Zergling x6  
  35  5:08  Drone  
  29  5:25  Baneling x6  
  29  5:26  Baneling x2  
  29  5:31  Zergling x6  
  32  5:37  Drone x3  
  35  5:44  Queen  
  37  5:51  Zergling x6  
  36  6:06  Baneling  
  36  6:07  Baneling x5  
  36  6:09  Centrifical Hooks  
  36  6:22  Zergling x2, Nydus Network  
  36  6:23  Zergling x4  
  38  6:34  Drone, Overlord  
  38  6:38  Zergling x8  
  43  6:53  Baneling  
  43  6:54  Baneling x5  
  43  7:01  Zergling x4  
  43  7:02  Zergling x6  
  48  7:10  Zergling x10  
  48  7:11  Zergling x2  
  54  7:21  Zergling x4  
  56  7:31  Nydus Canal  
  56  7:37  Zergling x2  
  56  7:40  Zergling x2  
  56  7:41  Zergling x2  
  53  7:48  Zergling x2  
  53  7:49  Zergling x6  
  44  8:20  Zergling x10  
  44  8:25  Zergling x6  
  38  9:07  Spire  
  37  9:13  Overlord  
  37  9:14  Overlord  
  36  9:37  Extractor  
  35  9:39  Extractor, Drone x3  
  37  9:51  Drone  
  38  9:54  Drone  
  38  9:55  Drone x2  
  38  9:56  Drone  
  42  10:00  Drone x2  
  44  10:17  Drone x2  
  44  10:18  Drone  
  47  10:26  Mutalisk  
  47  10:27  Mutalisk x3  
  55  10:42  Mutalisk x4, Infestation Pit  
  62  10:55  Mutalisk x2  
  62  10:56  Mutalisk x2  
  70  11:10  Mutalisk x2  
  74  11:14  Overlord x2  
  74  11:29  Overlord x2  
  74  11:32  Mutalisk x2  
  76  11:33  Mutalisk  
  80  11:43  Mutalisk  
  82  12:05  Mutalisk x2  
Tags
 
Matchup
ZvZ
Player
ViBE
Race
Zerg
Replay Pack
Bronze_League
Spawn Locations
Cross Positions
Add a new tag
Caveats
  • Supply blocks, unpowered buildings, or Contaminate may cause inaccurate times.
  • Supply counts are checked every 10 seconds.